 Dungeon Crawl Stone Soup version 0.26-a0-146-g24f6d3962c (webtiles) character file.

Game seed: 6489162009882843770

490 MrRokkomies the Conjurer (level 7, 0/61 HPs)
             Began as a Kobold Conjurer on June 29, 2020.
             Succumbed to Duvessa's poison
             ... on level 4 of the Dungeon.
             The game lasted 00:11:05 (3671 turns).

MrRokkomies the Conjurer (Kobold Conjurer)          Turns: 3671, Time: 00:11:05

Health: 0/61       AC: 23    Str:  8    XL:     7   Next: 37%
Magic:  1/10       EV:  3    Int: 16    God:
Gold:   91         SH:  0    Dex: 15    Spells: 4/10 levels left

rFire    . . .     SeeInvis .   b - +0 mace
rCold    . . .     Faith    .   (shield restricted)
rNeg     + + +     Spirit   .   (armour currently unavailable)
rPois    +         Reflect  .   (helmet currently unavailable)
rElec    .         Harm     .   (cloak currently unavailable)
rCorr    .         NoTele   +   (gloves currently unavailable)
MR       .....                  (boots currently unavailable)
Stlth    +++.......             h - amulet of the acrobat
HPRegen  0.20/turn              f - ring of stealth
MPRegen  0.12/turn              (no ring)

@: brilliant, lethally poisoned (0 -> -14), tree-form, hasted, very quick
A: small, carnivore
a: no special abilities


You were on level 4 of the Dungeon.
You were full.
You were a tree.
You visited 1 branch of the dungeon, and saw 4 of its levels.

You collected 145 gold pieces.
You spent 54 gold pieces at shops.

Inventory:

Hand Weapons
 b - a +0 mace (weapon)
Armour
 a - a +0 robe (melded)
 i - a +0 pair of gloves (melded)
 o - a +0 pair of boots (melded)
Magical Staves
 l - an uncursed staff of fire
Jewellery
 f - a ring of stealth (left branch)
 h - an amulet of the acrobat (around neck)
Scrolls
 g - a scroll of identify
 j - a scroll of blinking {unknown}
 k - 2 scrolls of remove curse {unknown}
Comestibles
 c - 6 rations


   Skills:
 + Level 3.2 Fighting
 - Level 6.0 Dodging
 - Level 2.6 Stealth
 + Level 2.2 Spellcasting
 * Level 6.1 Conjurations


You had 4 spell levels left.
You knew the following spells:

 Your Spells              Type           Power        Failure   Level  Hunger
a - Magic Dart            Conj           ####         1%          1    None
b - Searing Ray           Conj           ####..       2%          2    None
c - Dazzling Flash        Conj/Hex       ###...       17%         3    None

Your spell library contained the following spells:

 Spells                   Type           Power        Failure   Level  Hunger
 Beastly Appendage        Tmut           #.....       21%         1    None
 Sticks to Snakes         Tmut           #.......     30%         2    None
 Fulminant Prism          Conj/Hex       ###.......   50%         4    None
 Iskenderun's Mystic Bla  Conj/Tloc      ###.....     50%         4    None
 Spider Form              Tmut/Pois      #.........   52%         3    None
 Ice Form                 Ice/Tmut       #.......     90%         4    None
 Blade Hands              Tmut           #.........   99%         5    None


Dungeon Overview and Level Annotations

Branches:
Dungeon (4/15)
 Temple: D:4-7

Altars:
Okawaru

Shops:
D:4 ***

Annotations:
D:4 Dowan, Duvessa


Innate Abilities, Weirdness & Mutations

You are small and have problems with some larger weapons.
You are carnivorous and can eat meat at any time.


Message History

You feel sick. Duvessa barely misses you.
You hit Duvessa.
Duvessa is severely wounded.
* * * LOW HITPOINT WARNING * * *
You feel sick. Duvessa hits you but does no damage.
You hit Duvessa but do no damage.
Duvessa is severely wounded.
* * * LOW HITPOINT WARNING * * *
You feel sick. Duvessa barely misses you.
You hit Duvessa but do no damage.
Duvessa is severely wounded.
* * * LOW HITPOINT WARNING * * *
You feel sick. Duvessa hits you but does no damage.
You hit Duvessa but do no damage.
Duvessa is severely wounded.
* * * LOW HITPOINT WARNING * * *
You feel sick. Duvessa hits you but does no damage.
You closely miss Duvessa.
Duvessa is severely wounded.
You die...

#...... .....#### ......e#
#. #...e..# .. #)####
##########....# ####
###.............# ...##
#..[########.######
##..###.##......7e........
##..##.#..#########....gg
####.#....## ......
.........## ....g
####...### ..... #####
####


You could see Duvessa.

Vanquished Creatures
  Grinder (D:4)
  An orc warrior (D:2)
  A hound (D:4)
  2 worker ants (D:4)
  3 gnolls (D:3)
  4 adders
  2 worms
  A dart slug (D:1)
  2 leopard geckos
  3 orcs
  A ball python (D:4)
  6 bats
  2 giant cockroaches (D:2)
  5 hobgoblins
  A frilled lizard (D:2)
  5 goblins
  4 kobolds
  A leopard gecko skeleton (D:4)
  5 rats
50 creatures vanquished.

Notes
Turn   | Place    | Note
-------+----------+-------------------------------------------
     0 | D:1      | MrRokkomies the Kobold Conjurer began the quest for the
                  | Orb.
     0 | D:1      | Reached XP level 1. HP: 10/10 MP: 3/3
    52 | D:1      | Found an iron altar of Okawaru.
   321 | D:1      | Reached XP level 2. HP: 16/16 MP: 3/5
   325 | D:1      | Learned a level 2 spell: Searing Ray
  1085 | D:2      | Reached skill level 1 in Fighting
  1085 | D:2      | Reached XP level 3. HP: 17/20 MP: 3/6
  1205 | D:2      | Learned a level 3 spell: Dazzling Flash
  1225 | D:2      | You fall into a shaft and drop 2 floors!
  1225 | D:4      | Found Tuuthuqio's General Store.
  1232 | D:4      | Bought a +0 pair of gloves for 54 gold pieces
  1315 | D:4      | Reached XP level 4. HP: 17/25 MP: 1/7
  1763 | D:3      | Reached XP level 5. HP: 30/30 MP: 4/8
  1771 | D:3      | Reached skill level 5 in Conjurations
  2092 | D:2      | Noticed an orc warrior
  2114 | D:2      | Killed an orc warrior
  2114 | D:2      | Reached XP level 6. HP: 22/36 MP: 1/9
  2876 | D:3      | Reached skill level 5 in Dodging
  3011 | D:4      | Found Foargh's General Store.
  3015 | D:4      | Noticed Grinder
  3020 | D:4      | Paralysed by Grinder for 2 turns
  3027 | D:4      | Killed Grinder
  3027 | D:4      | Reached XP level 7. HP: 11/41 MP: 1/10
  3297 | D:4      | Found Vouk Cif's Assorted Antiques.
  3622 | D:4      | Noticed Duvessa
  3622 | D:4      | Noticed Dowan
  3668 | D:4      | HP: 3/61 [poisoned by Duvessa]
  3670 | D:4      | HP: 1/61 [poisoned by Duvessa]
  3671 | D:4      | Succumbed to Duvessa's poison

Illustrated notes

Levels and vault maps discovered:
D:1:      dpeg_arrival_fog, layout_loops_cross, okawaru_ov_weapons_minmay
D:2:      layout_loops_ring, kennysheep_pointless_box
D:3:      layout_rooms, serial_glass, glass_columns_c, glass_columns_a,
          glass_columns_a, glass_columns_a, glass_columns_b, glass_columns_b,
          glass_columns_c, glass_columns_c, glass_columns_a, glass_columns_b,
          glass_columns_a, glass_columns_a, glass_columns_b, glass_columns_a,
          first_ration
D:4:      layout_rooms, serial_shops, shop, nicolae_shop_statue_plus,
          nicolae_shop_crystal, shop, shop, hangedman_abyss_or_decor_stagger,
          minmay_misc_feat_columns, uniq_grinder, uniq_robin, uniq_duvessa

Skill      XL: |  1  2  3  4  5  6  7 |
---------------+----------------------+-----
Dodging        | 3 4 5 6 |  6.0
Fighting       | 1 2 3 |  3.2
Conjurations   | 5 6 |  6.1
Stealth        | |  2.6
Spellcasting   | |  2.2

Action                   |  1- 3 |  4- 6 |  7- 9 || total
-------------------------+-------+-------+-------++-------
Melee: Mace              |    28 |    77 |    56 ||   161
 Cast: Magic Dart        |     5 |    13 |    14 ||    32
       Searing Ray       |     4 |     5 |     2 ||    11
       Dazzling Flash    |       |       |     1 ||     1
  Use: Scroll            |       |     3 |       ||     3
       Potion            |       |     3 |     4 ||     7
 Stab: Sleeping          |     2 |     1 |     1 ||     4
  Eat: Chunk             |    10 |     6 |       ||    16
Armor: Robe              |     4 |     5 |     7 ||    16
       Skin              |       |       |     4 ||     4
Dodge: Dodged            |    31 |    82 |    72 ||   185

Table legend:
 A = Non-vault XP
 B = Vault XP
 C = Vault XP percentage of total XP
 D = Non-vault monster count
 E = Vault monster count
 F = Vault count percentage of total count
                 A         B        C        D         E       F
            +---------+---------+-------+---------+---------+-------
      Total |     420 |     281 |  40.1 |      49 |       1 |   2.0
            +---------+---------+-------+---------+---------+-------
        D:1 |      19 |       0 |   0.0 |      11 |       0 |   0.0
        D:2 |     176 |       0 |   0.0 |      17 |       0 |   0.0
        D:3 |      90 |       0 |   0.0 |      13 |       0 |   0.0
        D:4 |     135 |     281 |  67.5 |       8 |       1 |  11.1
            +---------+---------+-------+---------+---------+-------
